 Dungeon Crawl Stone Soup version 0.26.1-11-gd32895ea62 (webtiles) character file.

Game seed: 3144849988160825888

196 Almogavar the Stinger (level 5, -1/36 HPs)
             Began as a Demonspawn Venom Mage on May 7, 2021.
             Slain by Grinder (7 damage)
             ... while paralysed by Grinder
             ... on level 3 of the Dungeon.
             The game lasted 00:11:44 (3312 turns).

Almogavar the Stinger (Demonspawn Venom Mage)       Turns: 3312, Time: 00:11:45

Health: -1/36      AC:  4    Str:  9    XL:     5   Next: 45%
Magic:  5/9        EV:  2    Int: 17    God:
Gold:   94         SH:  0    Dex: 13    Spells: 9/10 levels left

rFire    . . .     SeeInvis .   c - +0 dagger
rCold    + . .     Faith    .   (no shield)
rNeg     . . .     Spirit   .   f - +0 leather armour
rPois    .         Reflect  .   (no helmet)
rElec    .         Harm     .   (no cloak)
rCorr    .         Rampage  .   (no gloves)
Will     .....                  i - +0 pair of boots
Stlth    ++........             (no amulet)
HPRegen  0.12/turn              (no ring)
MPRegen  0.11/turn              (no ring)

@: paralysed
A: cold resistance 1, freezing cloud immunity
a: no special abilities


You were on level 3 of the Dungeon.
You visited 1 branch of the dungeon, and saw 3 of its levels.

You collected 94 gold pieces.

Inventory:

Hand Weapons
 c - a +0 dagger (weapon)
Armour
 b - a +0 chain mail
 e - a +0 scale mail
 f - a +0 leather armour (worn)
 i - a +0 pair of boots (worn)
 m - a cursed -2 ring mail
Jewellery
 o - a +4 ring of evasion {unknown}
Scrolls
 d - a scroll of fear
 j - 2 scrolls of magic mapping
 k - a scroll of enchant weapon {unknown}
Potions
 a - a potion of flight {unknown}
 g - a potion of curing
 h - a potion of mutation {unknown}
 l - a potion of degeneration {unknown}
 n - a potion of might {unknown}
 p - a potion of ambrosia {unknown}


   Skills:
 + Level 0.4 Fighting
 + Level 1.2 Armour
 + Level 2.6 Dodging
 + Level 1.9 Stealth
 + Level 3.3 Spellcasting
 + Level 2.1 Transmutations
 + Level 3.8 Poison Magic


You had 9 spell levels left.
You knew the following spells:

 Your Spells              Type           Power        Failure   Level
a - Sting                 Tmut/Pois      52%          7%          1

Your spell library contained the following spells:

 Spells                   Type           Power        Failure   Level
 Poisonous Vapours        Pois/Air       18%          16%         2
 Ignite Poison            Fire/Tmut/Pois 9%           30%         3
 Mephitic Cloud           Conj/Pois/Air  7%           38%         3
 Olgreb's Toxic Radiance  Pois           15%          43%         4


Dungeon Overview and Level Annotations

Branches:
Dungeon (3/15)

Altars:
Makhleb
Nemelex Xobeh
Xom
Yredelemnul

Annotations:
D:3 Grinder


Innate Abilities, Weirdness & Mutations

Your flesh is cold resistant. (rC+)
You are immune to freezing clouds.


Message History

Aiming: Sting (safe; 7% risk of failure)
Press: ? - help, Shift-Dir - straight line, f/p - Grinder
Aim: Grinder (lightly wounded, poisoned, 32% to evade)
The sting hits Grinder.
Grinder partially resists.
Grinder is lightly wounded.
Grinder hits you.
You writhe in agony.
Casting: Sting (safe; 7% risk of failure)
Confirm with . or Enter, or press ? or * to list all spells.
Aiming: Sting (safe; 7% risk of failure)
Press: ? - help, Shift-Dir - straight line, f/p - Grinder
Aim: Grinder (lightly wounded, poisoned, 32% to evade)
The sting hits Grinder.
Grinder partially resists.
Grinder looks even sicker.
Grinder is lightly wounded.
Grinder says, "Wait up."
Grinder gestures at you.
You suddenly lose the ability to move!
Grinder hits you.
You writhe in agony.
* * * LOW HITPOINT WARNING * * *
Grinder hits you!
You die...

#. #.# # #(# .# #.# 5.
#.# . #. #.# #
...>#^#####.#####.#######
#....5@.........##.....
#............#######.####
############.........#
###########


You could see Grinder (very poisoned).

Vanquished Creatures
  A bullfrog (D:2)
  5 adders (D:2)
  An ooze (D:2)
  A worm (D:2)
  3 dart slugs
  A leopard gecko (D:2)
  8 bats
  8 giant cockroaches
  8 goblins
  8 hobgoblins
  4 jackals (D:1)
  3 frilled lizards (D:1)
  9 kobolds
  5 rats
65 creatures vanquished.

Vanquished Creatures (others)
  A plant (D:1)
1 creature vanquished.

Grand Total: 66 creatures vanquished

Notes
Turn   | Place    | Note
-------+----------+-------------------------------------------
     0 | D:1      | Almogavar the Demonspawn Venom Mage began the quest for the
                  | Orb.
     0 | D:1      | Reached XP level 1. HP: 13/13 MP: 3/3
   218 | D:1      | Gained mutation: Your flesh is cold resistant. (rC+)
                  | [demonic ancestry]
   218 | D:1      | Reached XP level 2. HP: 19/19 MP: 3/5
   220 | D:1      | Reached skill level 1 in Transmutations
   938 | D:1      | Reached XP level 3. HP: 21/24 MP: 3/6
  1724 | D:2      | Found a basalt altar of Yredelemnul.
  1724 | D:2      | Found a shimmering altar of Xom.
  1735 | D:2      | Found a burning altar of Makhleb.
  1919 | D:2      | Gained mutation: You are immune to freezing clouds.
                  | [demonic ancestry]
  1919 | D:2      | Reached XP level 4. HP: 20/30 MP: 4/8
  2366 | D:2      | Found a sparkling altar of Nemelex Xobeh.
  2740 | D:2      | Noticed a bullfrog
  2751 | D:2      | Killed a bullfrog
  2752 | D:2      | Reached skill level 1 in Armour
  2752 | D:2      | Reached XP level 5. HP: 20/36 MP: 4/9
  3301 | D:3      | Noticed Grinder
  3310 | D:3      | Paralysed by Grinder for 5 turns
  3312 | D:3      | Slain by Grinder

Illustrated notes

Levels and vault maps discovered:
D:1:      lightli_molten_gateway, layout_rooms, chequers_arboretum,
          chequers_serial_rivers_room_a, serial_bayou_pond_b
D:2:      layout_basic, nicolae_overflow_quartered_altars,
          kennysheep_generic_room_4
D:3:      minmay_skewed_foursquare, layout_loops_ring,
          kennysheep_generic_room_9, uniq_grinder

Skill      XL: |  1  2  3  4 |
---------------+-------------+-----
Transmutations | 1 2 |  2.1
Dodging        | 2 |  2.6
Spellcasting   | 3 |  3.3
Armour         | 1 |  1.2
Fighting       | |  0.4
Stealth        | |  1.9
Poison Magic   | |  3.8

Action                   |  1- 3 |  4- 6 || total
-------------------------+-------+-------++-------
Melee: Unarmed           |     1 |       ||     1
       Dagger            |    52 |    26 ||    78
 Cast: Sting             |    74 |    51 ||   125
  Use: Potion            |     1 |       ||     1
       Scroll            |     2 |       ||     2
Armor: Robe              |     8 |       ||     8
       Skin              |     2 |       ||     2
       Leather armour    |    28 |    15 ||    43
Dodge: Dodged            |    80 |    21 ||   101
